 Dungeon Crawl Stone Soup version 0.30.0-5-g1a98f26d00 (webtiles) character file.

Game seed: 5472534832414353609

1421 jimonade the Cleaver (level 8, -3/57 HPs)
             Began as an Octopode Monk on May 10, 2023.
             Slain by a gnoll bouda
             ... wielding a +0 club
              (10 damage)
             ... on level 6 of the Dungeon.
             The game lasted 00:08:12 (5099 turns).

jimonade the Cleaver (Octopode Monk)                Turns: 5099, Time: 00:08:12

Health: -3/57      AC:  1    Str: 12    XL:     8   Next: 72%
Magic:  8/8        EV: 16    Int: 12    God:
Gold:   293        SH:  5    Dex: 21    Spells: 7/7 levels left

rFire   . . .        a - +0 hand axe
rCold   . . .        c - orb {light}
rNeg    . . .        (helmet restricted)
rPois   .            E - amulet of reflection
rElec   .            f - +6 ring of dexterity
rCorr   +            n - ring of see invisible
SInv    +            C - ring of resist corrosion
Will    .....        (no ring)
Stlth   ++           (no ring)
HPRegen 0.29/turn    (no ring)
MPRegen 0.11/turn    (no ring)
                     (no ring)

%: reflection
@: weakened, glowing
A: almost no armour, amphibious, 8 rings, camouflage 1, gelatinous body 1,
(nimble swimmer 1), tentacles
a: no special abilities


You were on level 6 of the Dungeon.
You visited 1 branch of the dungeon, and saw 6 of its levels.

You collected 293 gold pieces.

Inventory:

Hand Weapons
 a - a +0 hand axe (weapon)
 p - a +2 dagger of venom
 D - a +0 war axe
 F - a +2 short sword of holy wrath
Missiles
 e - 4 poisoned darts (quivered)
 g - 5 javelins
 h - 46 stones
Armour
 c - an orb of light (worn)
Magical Staves
 i - a staff of conjuration
Jewellery
 f - a +6 ring of dexterity (left tentacle)
 n - a ring of see invisible (right tentacle)
 y - an amulet of the acrobat
 C - a ring of resist corrosion (on tentacle)
 E - an amulet of reflection (around mantle)
Wands
 G - a wand of charming (12)
Scrolls
 j - a scroll of identify
 l - 2 scrolls of immolation
 m - a scroll of fear
 q - a scroll of brand weapon
 r - 3 scrolls of vulnerability
 s - a scroll of fog
 u - a scroll of silence {unknown}
 v - a scroll of amnesia
 w - a scroll of poison
 z - a scroll of enchant armour
 A - 2 scrolls of teleportation
 H - a scroll of noise
Potions
 b - 3 potions of ambrosia
 d - a potion of heal wounds {unknown}
 k - 4 potions of curing {unknown}
 o - a potion of degeneration {unknown}
 t - a potion of flight {unknown}
 x - 2 potions of attraction {unknown}
 B - a potion of haste {unknown}


   Skills:
 + Level 5.8 Fighting
 + Level 8.3 Axes
 + Level 5.1 Dodging
 - Level 2.2 Stealth
 + Level 1.4 Shields


You had 7 spell levels left.
You didn't know any spells.
Your spell library was empty.

Dungeon Overview and Level Annotations

Branches:
Dungeon (6/15)
 Temple: D:4-7

Altars:
The Shining One


Innate Abilities, Weirdness & Mutations

You cannot wear most types of armour.
You are amphibious.
You can wear up to eight rings at the same time.
Your skin changes colour to match your surroundings (Stealth+).
Your rubbery body absorbs attacks. (AC +1, EV +1)
((You are camouflaged when in or above water. (Stealth+)))
You have tentacles for arms and can constrict up to eight enemies at once.


Message History

The gnoll bouda gazes fiercely through you!
You feel as though you will be weak longer.
The gnoll bouda misses you. The gnoll misses you.
You hit the gnoll bouda. Your grab misses the gnoll bouda.
The gnoll bouda is lightly wounded.
You hit the gnoll. You block the gnoll bouda's attack.
The gnoll hits you with a +0 flail!
You hit the gnoll bouda but do no damage.
You grab the gnoll bouda.
The gnoll bouda is lightly wounded.
You hit the gnoll but do no damage. You constrict the gnoll bouda.
The gnoll bouda hits you with a +0 club.
The gnoll hits you with a +0 flail!
You hit the gnoll bouda.
The gnoll bouda is moderately wounded.
You hit the gnoll but do no damage. You constrict the gnoll bouda.
You block the gnoll bouda's attack. The gnoll completely misses you.
You hit the gnoll bouda but do no damage.
You squeeze the gnoll bouda, but do no damage.
The gnoll bouda is heavily wounded.
You hit the gnoll but do no damage. You constrict the gnoll bouda.
The gnoll bouda hits you with a +0 club!
The gnoll hits you with a +0 flail!
You are too injured to fight recklessly!
You are too injured to fight recklessly!
You are too injured to fight recklessly!
You hit the gnoll bouda. You squeeze the gnoll bouda.
The gnoll bouda is severely wounded.
You hit the gnoll but do no damage. You constrict the gnoll bouda.
The gnoll bouda gazes fiercely through you!
You feel as though you will be weak longer.
The gnoll bouda hits you with a +0 club!
* * * LOW HITPOINT WARNING * * *
You block the gnoll's attack.
You hit the gnoll bouda but do no damage.
The gnoll bouda is severely wounded.
You barely miss the gnoll.
You constrict the gnoll bouda, but do no damage.
The gnoll bouda hits you with a +0 club!
You die...

# ..........#
#.....###.#.##### #.
####.#.[.).#
#.##.)).#.....#######
#...<#######.........
####.)..#.....######.
##.#.#[....#
.#.#.....#
.#...@.รท.#
.<....gg...#
##.#...........
#.#.......####
.#.......# #.......#
......### .#####.#


You could see a gnoll bouda and a gnoll (swift).

Vanquished Creatures
  Pikel (D:5)
  A water moccasin (D:6)
  A black bear (D:5)
  A centaur (D:5)
  A lemure (D:5)
  2 gnoll sergeants
  2 scorpions
  A howler monkey (D:5)
  An orc priest (D:4)
  A gnoll bouda (D:4)
  An iguana (D:5)
  Robin (D:2)
  13 gnolls
  10 adders
  2 worms
  3 dart slugs
  11 orcs
  8 ball pythons
  5 endoplasms
  2 giant cockroaches
  10 goblins
  7 hobgoblins
  6 jackals
  7 quokkas
  4 bats
  3 frilled lizards
  6 kobolds
  9 rats
120 creatures vanquished.

Notes
Turn   | Place    | Note
-------+----------+-------------------------------------------
     0 | D:1      | jimonade the Octopode Monk began the quest for the Orb.
     0 | D:1      | Reached XP level 1. HP: 16/16 MP: 1/1
    42 | D:1      | Reached XP level 2. HP: 15/21 MP: 2/2
   329 | D:1      | Reached XP level 3. HP: 24/26 MP: 3/3
  1035 | D:2      | Reached skill level 1 in Stealth
  1035 | D:2      | Reached XP level 4. HP: 31/31 MP: 4/4
  1230 | D:2      | Noticed Robin
  1238 | D:2      | Killed Robin
  1244 | D:2      | Reached skill level 4 in Axes
  1722 | D:3      | Reached XP level 5. HP: 25/37 MP: 5/5
  2670 | D:4      | Reached XP level 6. HP: 43/43 MP: 6/6
  3136 | D:4      | Reached skill level 5 in Axes
  3314 | D:5      | Entered Level 5 of the Dungeon
  3528 | D:5      | Found a glowing golden altar of the Shining One.
  3691 | D:5      | Reached XP level 7. HP: 35/49 MP: 7/7
  4009 | D:5      | Reached skill level 6 in Axes
  4202 | D:5      | Reached skill level 5 in Fighting
  4392 | D:5      | Noticed Pikel
  4405 | D:5      | Killed Pikel
  4406 | D:5      | Reached skill level 7 in Axes
  4406 | D:5      | Reached skill level 1 in Shields
  4406 | D:5      | Reached XP level 8. HP: 24/56 MP: 8/8
  4711 | D:6      | Reached skill level 8 in Axes
  4711 | D:6      | Reached skill level 5 in Dodging
  5099 | D:6      | Slain by a gnoll bouda

Illustrated notes

Levels and vault maps discovered:
D:1:      lemuel_arrival_behind_the_door_small, layout_rooms,
          nicolae_concentric_dashed_squares_mild, minivault_26,
          hangedman_feature_mirror, minmay_bisected
D:2:      layout_loops_ring, minivault_27, uniq_robin
D:3:      layout_basic, minmay_increasing_density
D:4:      layout_loops_corners
D:5:      layout_gridville, nicolae_tso_swordbearing_angel,
          hangedman_decor_clover_reticule, uniq_pikel
D:6:      layout_loops_cross, mainiacjoe_overflow_catch_the_wave

Skill      XL: |  1  2  3  4  5  6  7  8 |
---------------+-------------------------+-----
Stealth        | 1 2 |  2.2
Axes           | 4 5 7 8 |  8.3
Fighting       | 4 5 |  5.8
Dodging        | 4 5 |  5.1
Shields        | 1 |  1.4

Action                     |  1- 3 |  4- 6 |  7- 9 || total
---------------------------+-------+-------+-------++-------
  Melee: Hand axe          |    54 |   126 |    82 ||   262
         Constrict         |    17 |    46 |    20 ||    83
         Tentacles         |    13 |    31 |    32 ||    76
         Punch             |       |     2 |     3 ||     5
    Use: Scroll            |       |     9 |     1 ||    10
   Stab: Sleeping          |       |     2 |       ||     2
 Armour: Skin              |     5 |     3 |     1 ||     9
  Dodge: Dodged            |    31 |   108 |    40 ||   179
  Block: Orb               |       |       |    18 ||    18
